 Dungeon Crawl Stone Soup version 0.32-a0-705-g60f233581c (webtiles) character file.

Game seed: 4657469695578850188

808 shadizar the Trooper (level 8, 0/61 HPs)
             Began as a Djinni Earth Elementalist on Mar 14, 2024.
             Was an Initiate of Makhleb.
             Slain by an ice beast (21 damage)
             ... on level 5 of the Dungeon.
             The game lasted 00:05:13 (3155 turns).

shadizar the Trooper (Djinni Earth Elementalist)    Turns: 3155, Time: 00:05:14

Health: 0/61       AC:  2    Str:  7    XL:     8   Next: 15%
Gold:   261        EV: 11    Int: 18    God:    Makhleb [......] SH:  0 Dex: 15

rFire   + + .        (no weapon)
rCold   x . .        (no shield)
rNeg    . . .        a - +0 robe
rPois   ∞            (no helmet)
rElec   .            (no cloak)
rCorr   .            (no gloves)
SInv    .            (boots unavailable)
Will    .....        (no amulet)
Stlth   ++           (no ring)
HPRegen 0.30/turn    (no ring)
MPRegen 0.00/turn

%: infuse magic (-1 HP)
@: flying
A: sickness immunity, fire resistance 2, cold vulnerability 1, float, innate
caster, HP casting, extra vitality 1
a: Renounce Religion


You were on level 5 of the Dungeon.
You worshipped Makhleb.
Makhleb was noncommittal.
You visited 2 branches of the dungeon, and saw 7 of its levels.

You collected 261 gold pieces.

Inventory:

Armour
 a - a +0 robe (worn)
 q - a +0 pair of gloves
 v - a +0 hat
Wands
 n - a wand of light (14)
 o - a wand of flame (15)
Scrolls
 b - 3 scrolls of blinking {unknown}
 d - 4 scrolls of teleportation {unknown}
 f - a scroll of poison {unknown}
 g - 2 scrolls of identify {unknown}
 p - a scroll of silence {unknown}
 r - 2 scrolls of enchant armour {unknown}
 s - a scroll of amnesia {unknown}
Potions
 c - a potion of curing {unknown}
 e - 2 potions of degeneration {unknown}
 h - a potion of cancellation {unknown}
 i - a potion of might {unknown}
 j - a potion of resistance {unknown}
 k - 2 potions of magic {unknown}
 l - a potion of lignification {unknown}
 m - a potion of brilliance {unknown}
 t - a potion of mutation {unknown}
 u - a potion of heal wounds {unknown}


   Skills:
 + Level 6.0 Fighting
 - Level 2.1 Dodging
 - Level 1.5 Stealth
 + Level 5.5 Spellcasting
 + Level 5.5 Conjurations
 + Level 5.5 Hexes
 + Level 5.5 Summonings
 + Level 5.5 Necromancy
 + Level 5.5 Translocations
 + Level 5.5 Fire Magic
 + Level 5.5 Ice Magic
 + Level 5.5 Air Magic
 + Level 5.5 Earth Magic
 + Level 5.5 Alchemy


You knew the following spells:

 Your Spells              Type           Power      Damage    Failure   Level
a - Sandblast             Erth           50%        2d12      1%          1
b - Passwall              Erth           25%        N/A       3%          3
c - Stone Arrow           Conj/Erth      50%        3d10      3%          3
d - Petrify               Alch/Erth      25%        N/A       13%         4
e - Brom's Barrelling Bo  Conj/Erth      25%        2d5       13%         4
f - Foxfire               Conj/Fire      100%       2x1d9     1%          1
g - Ensorcelled Hibernat  Hex/Ice        50%        N/A       1%          2
h - Confusing Touch       Hex            25%        N/A       3%          3
Your spell library was empty.

Dungeon Overview and Level Annotations

Branches:
Dungeon (6/15)             Temple (1/1) D:5

Altars:
Ashenzari
Cheibriados
Dithmenos
Fedhas
Gozag
Hepliaklqana
Makhleb
Nemelex Xobeh
Okawaru
Qazlal
Ru
Trog
Uskayaw
Xom
Yredelemnul
Zin
The Shining One

Annotations:
D:5 1 transporter


Innate Abilities, Weirdness & Mutations

You are immune to sickness and miasma.
You are immune to poison.
Your flesh is very heat resistant. (rF++)
You are vulnerable to cold. (rC-)
You float through the air rather than walking.
You learn spells naturally, not from books.
Your magical power is your life essence.
You have superior vitality. (+4 MHP)


Message History

HP restored.
You now have 261 gold pieces (gained 10).
Found a stone staircase leading down.
Found a chain mail.
Found a stone staircase leading up.
A hound comes into view.
A hound is nearby!
A hound is nearby!
A hound is nearby!
You can't see any susceptible monsters within range! (Use Z to cast anyway.)
You can't see any susceptible monsters within range! (Use Z to cast anyway.)
You can't see any susceptible monsters within range! (Use Z to cast anyway.)
The blast of sand hits the hound!
The hound is severely wounded.
The hound barks!
The blast of sand hits the hound.
You kill the hound!
Makhleb accepts your kill.
Your Fighting skill increases to level 6!
You can't see any susceptible monsters within range! (Use Z to cast anyway.)
You can't see any susceptible monsters within range! (Use Z to cast anyway.)
An ice beast comes into view.
An ice beast is nearby!
The blast of sand hits the ice beast.
The ice beast is lightly wounded.
The blast of sand hits the ice beast.
The ice beast is moderately wounded.
The ice beast hits you. The ice beast freezes you!
You feel a terrible chill! The ice beast hits you. The ice beast freezes you!!
You feel a terrible chill!
You are too injured to fight recklessly!
You are too injured to fight recklessly!
You are too injured to fight recklessly!
Casting: Sandblast (safe; 1% risk of failure)
Confirm with . or Enter, or press ? or * to list all spells.
Aiming: Stone Arrow (dangerous; 3% risk of failure)
Press: ? - help, Shift-Dir - straight line, f/p - ice beast
Aim: an ice beast (moderately wounded, 71% to hit)
The stone arrow hits the ice beast!
The ice beast is severely wounded.
The ice beast hits you. The ice beast freezes you!!
You feel a terrible chill!
You die...

####. ##...#..
.#....######..#.#.#
.............##.#.#
.......#...####.#.#
...........# #.#.#
....###....# #...#
..####..<..####..##
.......[.......†.#
.###..######.#..@#
.##..## #.##.Y...#
.##.## ....##.#
..#.#### ##.... ..
.......# ##... ...
.#.###..... .....
.. ...# #### .....
. .### .......
#####


You could see an ice beast.

Vanquished Creatures
  Eustachio (D:5)
  A water moccasin (D:6)
  An ogre (D:5)
  A phantom (D:5)
  A scorpion (D:5)
  A bombardier beetle (D:5)
  An orc priest (D:3)
  A hound (D:5)
  A sleepcap (D:3)
  Terence (D:2)
  2 iguanas
  A gnoll (D:1)
  3 adders
  2 ufetubi (D:5)
  3 ribbon worms
  10 dart slugs (D:3)
  6 orcs
  3 endoplasms
  3 giant cockroaches
  10 goblins
  3 hobgoblins (D:1)
  3 jackals (D:1)
  4 kobolds
  2 quokkas (D:1)
  3 ball pythons (D:1)
  4 bats
  5 frilled lizards
  6 rats
83 creatures vanquished.

Vanquished Creatures (others)
  41 foxfires
41 creatures vanquished.

Grand Total: 124 creatures vanquished

Notes
Turn   | Place    | Note
-------+----------+-------------------------------------------
     0 | D:1      | shadizar the Djinni Earth Elementalist began the quest for
                  | the Orb.
     0 | D:1      | shadizar set off with the following spells memorised:
                  | Sandblast, Passwall, Stone Arrow, Petrify, Brom's
                  | Barrelling Boulder.
     0 | D:1      | Reached XP level 1. HP: 15/15 MP: 0/0
    86 | D:1      | Reached XP level 2. HP: 15/22 MP: 0/0
   134 | D:1      | Reached skill level 1 in Fighting
   300 | D:1      | Reached XP level 3. HP: 25/27 MP: 0/0
   300 | D:1      | Learned a level 1 spell: Foxfire
   585 | D:1      | Reached skill level 2 in Fighting
   919 | D:2      | Reached XP level 4. HP: 33/33 MP: 0/0
  1080 | D:2      | Noticed Terence
  1098 | D:2      | Killed Terence
  1411 | D:2      | Reached XP level 5. HP: 40/40 MP: 0/0
  1411 | D:2      | Learned a level 2 spell: Ensorcelled Hibernation
  1713 | D:3      | Reached skill level 3 in Fighting
  1928 | D:3      | Found a shimmering altar of Xom.
  1990 | D:3      | Reached XP level 6. HP: 21/46 MP: 0/0
  2104 | D:3      | Identified the +8 quarterstaff of Floods {heavy, Str+3
                  | Int+6}
  2333 | D:3      | Found a faded altar of an unknown god.
  2440 | D:4      | You are sucked into a shaft and drop 2 floors!
  2454 | D:6      | Noticed a water moccasin
  2459 | D:6      | Killed a water moccasin
  2460 | D:6      | Reached skill level 4 in Fighting
  2630 | D:5      | Entered Level 5 of the Dungeon
  2704 | D:5      | Reached XP level 7. HP: 40/53 MP: 0/0
  2704 | D:5      | Learned a level 3 spell: Confusing Touch
  2898 | D:5      | Found a transporter.
  2902 | D:5      | Reached skill level 5 in Fighting
  2902 | D:5      | Reached skill level 5 in Spellcasting
  2902 | D:5      | Reached skill level 5 in Conjurations
  2902 | D:5      | Reached skill level 5 in Hexes
  2902 | D:5      | Reached skill level 5 in Summonings
  2902 | D:5      | Reached skill level 5 in Necromancy
  2902 | D:5      | Reached skill level 5 in Translocations
  2902 | D:5      | Reached skill level 5 in Fire Magic
  2902 | D:5      | Reached skill level 5 in Ice Magic
  2902 | D:5      | Reached skill level 5 in Air Magic
  2902 | D:5      | Reached skill level 5 in Earth Magic
  2902 | D:5      | Reached skill level 5 in Alchemy
  2973 | D:5      | Found a staircase to the Ecumenical Temple.
  3011 | D:5      | Noticed Eustachio
  3028 | D:5      | Killed Eustachio
  3029 | D:5      | Reached XP level 8. HP: 41/61 MP: 0/0
  3034 | Temple   | Entered the Ecumenical Temple
  3048 | Temple   | Became a worshipper of Makhleb the Destroyer
  3147 | D:5      | Reached skill level 6 in Fighting
  3155 | D:5      | Slain by an ice beast

Illustrated notes

Levels and vault maps discovered:
D:1:      spicycebolla_green_bress_n_ham, layout_basic,
          nicolae_concentric_dashed_squares_mild, palyth_stone_intersect
D:2:      layout_loops_ring, serial_bayou_pond_e, uniq_terence
D:3:      kennysheep_slugbush, layout_rooms, xom_teletrap_fun,
          shapermc_ecumenical_altar_mp_urbaneastern
D:4:      layout_cave_pods, ebering_ghost_gozag
D:5:      gammafunk_cloud_chamber, layout_rooms, temple_statues, uniq_eustachio,
          uniq_crazy_yiuf_cottage
D:6:      layout_basic, uniq_sigmund, uniq_edmund
Temple:   compressed_dpeg_triangle_lava_temple

Skill      XL: |  1  2  3  4  5  6  7  8 |
---------------+-------------------------+-----
Fighting       | 1 2 3 4 5 6 |  6.0
Spellcasting   | 4 5 |  5.5
Conjurations   | 4 5 |  5.5
Hexes          | 4 5 |  5.5
Summonings     | 4 5 |  5.5
Necromancy     | 4 5 |  5.5
Translocations | 4 5 |  5.5
Fire Magic     | 4 5 |  5.5
Ice Magic      | 4 5 |  5.5
Air Magic      | 4 5 |  5.5
Earth Magic    | 4 5 |  5.5
Alchemy        | 4 5 |  5.5
Dodging        | |  2.1
Stealth        | |  1.5

Action                     |  1- 3 |  4- 6 |  7- 9 || total
---------------------------+-------+-------+-------++-------
  Melee: Unarmed           |     2 |       |       ||     2
   Cast: Sandblast         |    41 |    49 |     5 ||    95
         Foxfire           |       |    22 |       ||    22
         Stone Arrow       |       |    13 |    22 ||    35
 Armour: Robe              |     3 |    20 |     9 ||    32
  Dodge: Dodged            |     7 |    17 |     4 ||    28

Table legend: (Time is in decaauts)
 A = Elapsed time spent in this place.
 B = Non-inter-level travel time spent in this place.
 C = Inter-level travel time spent in this place.
 D = Time resting spent in this place.
 E = Time spent auto-exploring this place.
 F = Levels seen in this place.
 G = Mean time per level.
                   A        B        C        D        E       F      G
               +--------+--------+--------+--------+--------+-----+--------+
         Total |   3201 |   3112 |     89 |      0 |   2535 |   7 |  457.3 |
       Dungeon |   3175 |   3086 |     89 |      0 |   2535 |   6 |  529.2 |
        Temple |     25 |     25 |      0 |      0 |      0 |   1 |   25.0 |
               +--------+--------+--------+--------+--------+-----+--------+

Top non-repeatable levels by time:
     D:1: 919 daAuts
     D:2: 757 daAuts
     D:3: 756 daAuts
     D:5: 503 daAuts
     D:6: 189 daAuts
     D:4: 49 daAuts
  Temple: 25 daAuts
